 Dungeon Crawl Stone Soup version 0.17.0-28-g6e173f8 (webtiles) character file.

662784 Ivanskos the Impregnable (level 27, -6/282 HPs)
             Began as a Deep Dwarf Fighter on Nov 24, 2015.
             Was the Champion of Makhleb.
             Killed from afar by an ancient lich (53 damage)
             ... with a crystal spear
             ... on level 3 of the Tomb of the Ancients on Nov 26, 2015.
             The game lasted 07:22:34 (69959 turns).

Ivanskos the Impregnable (Deep Dwarf Fighter)      Turns: 69959, Time: 07:22:34

Health: -6/282     AC: 64    Str: 28    XL:     27
Magic:  32/32      EV: 16    Int: 17    God:    Makhleb [******]
Gold:   8684       SH: 24    Dex: 25    Spells: 0 memorised, 26 levels left

rFire  . . .     SeeInvis +     s - +8 mithril axe "Arga" {speed, MR+ Str+2}
rCold  . . .     Clarity  .     R - +20 crystal plate armour of Fetutreg {rN+}
rNeg   + + .     SustAt   .     n - +5 shield {reflect}
rPois  .         Gourm    .     x - +2 helmet {SInv}
rElec  +         Spirit   .     d - +2 cloak of the Zebra {MR+ Int+3}
rCorr  .         Warding  .     A - +2 pair of fencer's gloves {LBl+4 SBl+4 EV+3 Dex+6}
rMut   +         Stasis   .     f - +0 pair of boots of the Game Afoot {MR- Regen+ MP+9 Int+2}
MR     +++++                    v - amulet "Reen" {rMut rElec MR+}
Stlth  ..........               Y - ring of Free Expression {+Blink +Fly}
                                q - +3 ring of strength

@: non-regenerating, almost entirely resistant to hostile enchantments,
extremely unstealthy
A: damage resistance, recharge devices, icy blue scales 1, negative energy
resistance 1, sense surroundings 3, slow regeneration 3
a: Device Recharging, Minor Destruction, Lesser Servant of Makhleb, Major
Destruction, Greater Servant of Makhleb, Renounce Religion, Evoke Blink, Evoke
Flight
}: 4/15 runes: decaying, serpentine, slimy, silver


You were on level 3 of the Tomb of the Ancients.
You worshipped Makhleb.
Makhleb was exalted by your worship.
You were not hungry.

You visited 11 branches of the dungeon, and saw 60 of its levels.
You also visited: Sewer, Ossuary, Bailey and Ice Cave.

You collected 11853 gold pieces.
You spent 3169 gold pieces at shops.

Inventory:

Hand Weapons
 s - the +8 mithril axe "Arga" (weapon) {speed, MR+ Str+2}
   (You acquired it on level 3 of the Elven Halls)

   Attacks with this weapon are significantly faster.
   It affects your strength (+2).
   It affects your resistance to hostile enchantments.
 M - the +2 broad axe of Saanut {flame, Str+3 Int+3}
   (You acquired it on level 3 of the Lair of Beasts)

   It has been specially enchanted to burn those struck by it, causing extra
   injury to most foes and up to half again as much damage against particularly
   susceptible opponents.
   Big, fiery blades are also staple armaments of hydra-hunters.
   It affects your strength (+3).
   It affects your intelligence (+3).
Armour
 d - the +2 cloak of the Zebra (worn) {MR+ Int+3}
   (You found it on level 3 of the Elven Halls)

   It affects your intelligence (+3).
   It affects your resistance to hostile enchantments.
 f - the +0 pair of boots of the Game Afoot (worn) {MR- Regen+ MP+9 Int+2}
   (You acquired it on level 6 of the Dungeon)

   It affects your intelligence (+2).
   It affects your resistance to hostile enchantments.
   It affects your magic capacity (+9).
   It increases your rate of regeneration.
 n - a +5 shield of reflection (worn)
 x - a +2 helmet of see invisible (worn)
 A - the +2 pair of fencer's gloves (worn) {LBl+4 SBl+4 EV+3 Dex+6}
   (You found it on level 5 of the Vaults)

   It affects your evasion (+3).
   It affects your dexterity (+6).
 R - the +20 crystal plate armour of Fetutreg (worn) {rN+}
   (You found it in a bailey)

   It protects you from negative energy.
 X - the +9 storm dragon armour "Ystreo Osiwu" {rElec rC++ MR- Str+3}
   (You found it on level 3 of the Elven Halls)

   It affects your strength (+3).
   It greatly protects you from cold.
   It insulates you from electricity.
   It affects your resistance to hostile enchantments.
Jewellery
 i - an uncursed amulet of resist corrosion
 q - a +3 ring of strength (left hand)
 v - the amulet "Reen" (around neck) {rMut rElec MR+}
   (You bought it in a shop on level 4 of the Orcish Mines)

   [amulet of resist mutation]

   It protects you from mutation.
   It insulates you from electricity.
   It affects your resistance to hostile enchantments.
 z - an uncursed amulet of clarity
 Y - the ring of Free Expression (right hand) {+Blink +Fly}
   (You took it off a vault warden on level 5 of the Vaults)

   [ring of flight]

   It lets you fly.
   It lets you blink.
Wands
 r - a wand of heal wounds (3)
 G - a wand of disintegration (4)
 N - a wand of magic darts (38)
 O - a wand of random effects (31)
Scrolls
 h - 3 scrolls of fog
 l - a scroll of identify
 m - 5 scrolls of holy word
 p - 8 scrolls of enchant weapon
 t - 7 scrolls of recharging
 u - a scroll of summoning
 y - a scroll of silence
 B - 16 scrolls of magic mapping
 E - 11 scrolls of teleportation
 I - 5 scrolls of enchant armour
 J - 29 scrolls of remove curse
 K - 6 scrolls of fear
 U - 3 scrolls of brand weapon
Potions
 b - 5 potions of flight
 g - 4 potions of cancellation
 k - 16 potions of curing
 L - a potion of resistance
 P - 2 potions of invisibility
 Q - 3 potions of agility
 S - 2 potions of ambrosia
 V - 3 potions of might
Comestibles
 c - 6 fruits
 j - 2 meat rations
 w - 18 bread rations


   Skills:
 + Level 23.0 Fighting
 + Level 23.3 Axes
 + Level 24.0 Armour
 - Level 7.4 Dodging
 + Level 23.7 Shields
 - Level 20.4 Invocations


You had 26 spell levels left.
You didn't know any spells.

Dungeon Overview and Level Annotations

Branches:
Dungeon (15/15)            Temple (0/1) D:4            Lair (8/8) D:9
  Swamp (4/4) Lair:3        Snake (4/4) Lair:5        Slime (6/6) Lair:6
    Orc (4/4) D:10            Elf (3/3) Orc:3        Vaults (5/5) D:14
  Crypt (3/3) Vaults:2       Tomb (3/3) Crypt:3      Depths (5/5) D:15
    Zot: Depths:5

Altars:
Ashenzari
Dithmenos
Elyvilon
Kikubaaqudgha
Makhleb
Qazlal
Ru
Sif Muna
Trog
Vehumet
Xom
Yredelemnul
Beogh
Jiyva

Shops:
D:6 =   Orc:4 (=}[   Elf:2 ?%   Elf:3 *(*=

Portals:
Hell: Depths:1 Depths:2 Depths:3 Depths:4
Abyss: Depths:4
Pandemonium: Depths:3
Ziggurat: Depths:1

Annotations:
Elf:2 Louise


Innate Abilities, Weirdness & Mutations

You are resistant to damage.
You can recharge devices by infusing magical energy.
You resist negative energy.
You passively map a large area around you.
You do not regenerate naturally.
You are partially covered in icy blue scales (AC +1).


Message History

The ancient lich is heavily damaged.
The ancient lich touches you but does no damage.
You closely miss the ancient lich.
The ancient lich is heavily damaged.
You slice the ancient lich!!
The ancient lich is severely damaged.
The ancient lich conjures an orb of pure magic.
The wavering orb of destruction weakly hits you!
* * * LOW HITPOINT WARNING * * *
You hit the ancient lich but do no damage.
The ancient lich is severely damaged.
Read which item? (? for menu, Esc to quit)
Okay, then.
Evoke which item? (* to show all) (? for menu, Esc to quit)
Zapping:
r - a wand of heal wounds (4)
Press: ? - help, Shift-Dir - straight line, f - you You feel much better.
This wand has 3 charges left.
The ancient lich casts a spell at you. The crystal spear hits you!
You die...

, , , , ##...# * *
* ,....#...# , ,
....#...# * * , ,,
....#...# , ,, ,,
#....#...# ** *
########.....#...#
,,
..M.........##...#
,,,
...8...L...##....#
*
####..@####....##
, ,
................#
,,,,
...............##
,
,.............###
* ##############


You could see an ancient lich, a guardian mummy and an ushabti.

Vanquished Creatures
  the royal jelly (Slime:6)
  2 ancient liches
  Mara (Crypt:1)
  Mennas (Crypt:1)
  A juggernaut (Depths:2)
  26 greater mummies
  Boris (Vaults:5)
  Frederick (Crypt:1)
  Norris (Vaults:3)
  Vashnia (Snake:3)
  The ghost of DeXoteric the Slayer, a veteran GrFi of Okawaru (Slime:5)
  3 golden dragons
  Jory (Tomb:2)
  Jorgrun (Vaults:3)
  3 tentacled monstrosities
  3 liches
  Asterion (Elf:2)
  5 titans (Vaults:5)
  3 deep elf blademasters
  34 acid blobs
  3 deep elf master archers (Elf:3)
  3 octopode crushers
  Agnes (D:15)
  2 ancient champions
  12 sphinxes
  Frances (Swamp:2)
  9 tengu reavers
  3 storm dragons
  2 revenants
  A shadow dragon (Vaults:5)
  20 azure jellies
  The ghost of Avanven the Imperceptible, an adept SpEn of Dithmenos (Swamp:4)
  Wiglaf (Vaults:2)
  19 vault wardens
  Donald (Swamp:2)
  A ghost moth (shapeshifter) (Vaults:5)
  An iron dragon (Vaults:5)
  13 greater nagas
  Maud (D:12)
  14 fire giants
  9 frost giants
  Aizul (Swamp:2)
  4 deep elf sorcerers
  2 orc warlords
  5 curse skulls
  7 reapers
  15 ironheart preservers
  12 very ugly things
  18 stone giants
  A vampire knight (Crypt:2)
  A draconian caller (Depths:5)
  The ghost of Vex the Cleaver, a journeyman MiFi of Okawaru (Lair:7)
  4 bennus
  5 large abominations
  9 deep elf demonologists (Elf:3)
  A juggernaut skeleton (Depths:1)
  Azrael (Snake:1)
  A salamander stormcaller (Vaults:3)
  A white draconian (IceCv)
  7 deep elf annihilators
  2 purple draconians (Depths:5)
  22 death oozes
  12 deep elf death magi
  10 ettins
  7 eidola (Crypt:3)
  7 jiangshi
  14 yaktaur captains
  2 green deaths (Swamp:4)
  8 fire dragons
  24 mummy priests
  31 vault guards
  A great orb of eyes (shapeshifter) (Vaults:2)
  Erolcha (D:11)
  20 ogre magi
  The ghost of Mazeltov the Blocker, a journeyman MiFi of Qazlal (D:11)
  7 great orbs of eyes
  Harold (D:10)
  9 deep elf high priests
  4 entropy weavers
  28 hydras
  11 naga warriors
  4 ice dragons
  A ghost crab (shapeshifter) (D:15)
  19 anacondas
  7 centaur warriors
  The ghost of Kloppie the Protected, a journeyman GrFi of Makhleb (IceCv)
  2 death knights (Vaults:2)
  7 deep troll shamans
  8 orc high priests
  16 dancing weapons
  5 small abominations
  7 alligators
  A queen ant (Lair:1)
  2 rakshasas
  2 thrashing horrors (Swamp:4)
  9 tengu warriors
  A titan zombie (Tomb:1)
  5 vampire magi
  6 deep troll earth magi
  5 death yaks (Lair:8)
  6 spriggan berserkers
  5 hell knights (Depths:5)
  10 shock serpents
  11 naga sharpshooters
  2 storm dragon zombies
  Sonja (Lair:4)
  An ice devil (Depths:3)
  17 deep elf knights
  5 soul eaters
  3 salamander mystics
  An unseen horror (shapeshifter) (D:12)
  2 storm dragon skeletons
  26 skeletal warriors
  An iron troll (Depths:3)
  5 unseen horrors
  2 anaconda zombies
  A golden dragon zombie (Crypt:3)
  2 swamp dragons
  3 flayed ghosts
  29 death scarabs
  6 naga ritualists
  A torturous demonspawn (Depths:3)
  3 giant orange brains
  2 shambling mangroves (Swamp:4)
  A deep troll (shapeshifter) (Vaults:3)
  A spriggan druid (Swamp:4)
  6 harpies
  5 hill giants
  A harpy (shapeshifter) (Vaults:4)
  2 golden dragon skeletons
  An anaconda skeleton (Crypt:3)
  13 deep elf summoners
  An orange crystal statue (Tomb:1)
  2 tengu zombies
  7 anubis guards
  13 phantasmal warriors
  21 ironbrand convokers
  31 deep trolls
  21 necromancers
  2 hornets (shapeshifter)
  A wolf spider zombie (Crypt:3)
  13 deep elf conjurers
  5 wizards
  3 iron dragon zombies
  3 hornets (Swamp:4)
  3 mana vipers (shapeshifter)
  2 shadow dragon skeletons
  A cyclops (shapeshifter) (Vaults:5)
  A fire giant zombie (Vaults:4)
  6 orc sorcerers
  2 moths of wrath (shapeshifter)
  7 wolf spiders
  3 manticores
  2 frost giant zombies
  A stone giant zombie (Vaults:4)
  20 orc knights
  7 griffons
  4 mana vipers
  11 shining eyes
  14 elephants
  A rust devil (Depths:3)
  9 salamanders
  3 cyclopes
  47 ugly things
  22 naga magi
  A manticore (shapeshifter) (Vaults:3)
  A shock serpent zombie (Crypt:3)
  A fire giant skeleton (Crypt:2)
  3 stone giant skeletons (Crypt:3)
  A sixfirhy (Depths:3)
  5 frost giant skeletons
  10 guardian serpents
  2 orange demons (Swamp:4)
  A spiny frog (shapeshifter) (Vaults:3)
  16 vault sentinels
  2 ice statues
  33 black mambas
  2 eyes of devastation
  2 gargoyles
  2 black mambas (shapeshifter)
  21 spiny frogs
  A yaktaur zombie (Vaults:2)
  2 catoblepas zombies
  2 komodo dragons (shapeshifter)
  46 yaktaurs
  2 kobold demonologists (Vaults:2)
  2 yaktaur skeletons (Depths:1)
  12 hellwings (Crypt:3)
  11 komodo dragons
  34 guardian mummies
  5 fire drakes
  12 freezing wraiths
  A pale draconian skeleton (Crypt:2)
  2 polar bears (shapeshifter)
  20 deep elf priests
  5 tengu conjurers
  A red draconian skeleton (Crypt:1)
  5 giant leeches
  2 jumping spiders
  8 trolls
  A wind drake (shapeshifter) (Vaults:4)
  A blue devil (Depths:3)
  A harpy skeleton (Crypt:2)
  19 polar bears
  An efreet (D:15)
  Prince Ribbit (D:6)
  A hydra skeleton (Crypt:3)
  A troll (shapeshifter) (Vaults:4)
  20 blink frogs
  A blink frog (shapeshifter) (Elf:3)
  23 ushabtiu
  A boulder beetle (Vaults:5)
  A wolf spider simulacrum (D:15)
  31 two-headed ogres
  188 slime creatures
  4 ettin zombies
  A trapdoor spider zombie (Crypt:2)
  2 spriggans
  A fire dragon skeleton (Depths:1)
  A fire giant simulacrum (Vaults:4)
  A black mamba zombie (Crypt:3)
  22 deep elf magi
  18 flying skulls
  A stone giant simulacrum (Depths:1)
  2 ice dragon skeletons
  15 wraiths
  2 spriggan skeletons (Depths:1)
  9 water elementals
  2 fire elementals (Snake:1)
  64 yaks
  3 alligator skeletons
  6 wyverns
  An emperor scorpion simulacrum (Crypt:1)
  A trapdoor spider (Tomb:2)
  10 redbacks
  A tarantella (shapeshifter) (Vaults:2)
  An ettin skeleton (Vaults:5)
  2 vampires (Crypt:1)
  6 shadows
  A hippogriff (shapeshifter) (Depths:1)
  10 hippogriffs
  A black mamba skeleton (Crypt:3)
  A steam dragon (Lair:8)
  3 basilisks
  A yaktaur simulacrum (Vaults:5)
  3 hungry ghosts
  22 vampire mosquitoes
  30 deep elf fighters
  3 golden eyes (Slime:1)
  Menkaure (D:4)
  41 nagas
  Edmund (D:6)
  25 wolves
  A human simulacrum (Vaults:5)
  A deep troll zombie (Crypt:1)
  37 swamp worms
  8 wargs
  23 water moccasins
  A deep troll skeleton (Vaults:5)
  5 soldier ants (Lair:1)
  9 spiders
  6 mottled dragons
  Duvessa (D:6)
  4 ice beasts
  5 swamp drakes
  11 porcupines
  2 swamp dragon zombies
  2 black bears (shapeshifter)
  6 hell hounds (Snake:1)
  2 sky beasts
  3 phantoms
  A black bear (Lair:2)
  4 eyes of draining
  72 ogres
  5 wasps
  63 orc warriors
  A hog zombie (Crypt:1)
  2 human zombies (Vaults:3)
  A lindwurm skeleton (Crypt:2)
  13 crocodiles
  15 boggarts
  21 giant frogs
  4 human skeletons
  2 elf skeletons
  An octopode zombie (Crypt:1)
  21 centaurs
  An elf zombie (Crypt:3)
  6 big kobolds
  2 brain worms
  A spider zombie (Crypt:2)
  5 wyvern skeletons (Crypt:3)
  5 scorpions
  Dowan (D:6)
  A water moccasin zombie (Ossuary)
  16 bog bodies
  4 electric eels
  12 wights
  7 centaur zombies
  3 giant frog zombies
  7 crimson imps
  A black bear zombie (Crypt:2)
  2 iron imps (Depths:3)
  32 jellies
  50 orc priests
  A two-headed ogre zombie (Crypt:1)
  5 hounds
  6 centaur skeletons
  2 giant frog skeletons
  27 orc wizards
  Terence (D:2)
  A quasit (Depths:3)
  16 iguanas
  3 killer bee zombies
  24 worker ants
  A naga zombie (Crypt:3)
  An ogre zombie (Crypt:2)
  A boulder beetle simulacrum (Vaults:2)
  4 hound zombies
  4 hound skeletons
  38 mummies
  A worker ant zombie (D:8)
  54 river rats
  20 adders
  4 gnolls (Orc:3)
  5 shadow imps
  A white imp (Depths:2)
  16 oozes
  4 adder zombies
  11 worms
  The ghost of Lionyx the Vexing, a weakling DsEn (D:3)
  19 giant geckos
  215 orcs
  A bat zombie (Crypt:2)
  8 hobgoblins
  16 jackals
  43 kobolds
  6 quokkas
  12 ball pythons (Sewer)
  A ball python zombie (Crypt:1)
  10 bats
  16 giant cockroaches
  20 giant newts
  5 goblins
  A kobold zombie (Crypt:1)
  A quokka zombie (D:7)
  12 rats
  6 crawling corpses
  5 fungi
  21 plants
3164 creatures vanquished.

Vanquished Creatures (collateral kills)
  An ancient lich (Tomb:1)
  A greater mummy (Tomb:1)
  2 acid blobs (Slime:6)
  An ancient champion (Tomb:1)
  Roxanne (Snake:3)
  A greater naga (Snake:3)
  4 mummy priests (Tomb:1)
  A naga warrior (Snake:3)
  A phantasmal warrior (Crypt:3)
  2 wolf spiders (Crypt:3)
  A salamander (Snake:3)
  2 black mambas (Snake:3)
  A naga mage (Snake:3)
  A hellwing (Crypt:3)
  A guardian mummy (Tomb:1)
  A slime creature (Slime:6)
  3 ushabtiu (Tomb:1)
  3 nagas (Snake:3)
  A wyvern skeleton (Crypt:3)
  2 jellies (Slime:6)
  2 mummies (Tomb:1)
33 creatures vanquished.

Vanquished Creatures (others)
  A deep elf master archer (Elf:3)
  A vault warden (Vaults:5)
  A deep elf annihilator (Elf:3)
  A vault guard (Vaults:5)
  2 deep elf high priests (Elf:3)
  A fire dragon (Depths:2)
  The ghost of Potsanchik the Spry, a journeyman SpGl of Okawaru (IceCv)
  A naga warrior (Snake:2)
  2 centaur warriors
  A deep elf knight (Elf:3)
  A shadow wraith (Vaults:5)
  3 death scarabs
  2 cyclopes
  A vault sentinel (Vaults:5)
  A guardian mummy (Tomb:2)
  3 flying skulls (Tomb:2)
  A swamp drake (Swamp:4)
  2 boggarts
  An ogre (Vaults:5)
  3 jackals (D:4)
  37 fungi
  8 lost souls
  59 plants
134 creatures vanquished.

Grand Total: 3331 creatures vanquished

Notes
Turn   | Place    | Note
--------------------------------------------------------------
     0 | D:1      | Ivanskos the Deep Dwarf Fighter began the quest for the Orb.
     0 | D:1      | Reached XP level 1. HP: 20/20 MP: 1/1
   138 | D:1      | Reached XP level 2. HP: 20/27 MP: 2/2
   412 | D:1      | Reached skill level 4 in Armour
   416 | D:1      | Reached XP level 3. HP: 24/33 MP: 3/3
   938 | D:2      | Noticed Terence
   958 | D:2      | Killed Terence
   958 | D:2      | Reached XP level 4. HP: 23/42 MP: 4/4
  1038 | D:2      | Found a deep blue altar of Sif Muna.
  1038 | D:2      | Found a stormy altar of Qazlal.
  1039 | D:2      | Found a burning altar of Makhleb.
  1047 | D:2      | Became a worshipper of Makhleb the Destroyer
  1081 | D:2      | Reached skill level 1 in Dodging
  1302 | D:2      | Reached * piety under Makhleb
  1778 | D:3      | Reached XP level 5. HP: 31/49 MP: 5/5
  1911 | D:3      | Noticed Lionyx's ghost (weakling DsEn)
  1915 | D:3      | Killed Lionyx's ghost
  2181 | D:3      | Reached ** piety under Makhleb
  2191 | D:3      | Found a shattered altar of Ashenzari.
  2542 | D:4      | Reached XP level 6. HP: 29/56 MP: 6/6
  2704 | D:4      | Found a shimmering altar of Xom.
  2705 | D:4      | Found a shimmering altar of Xom.
  2705 | D:4      | Found a shimmering altar of Xom.
  2705 | D:4      | Found a shimmering altar of Xom.
  2720 | D:4      | Found a staircase to the Ecumenical Temple.
  2750 | D:4      | Noticed an ogre
  2756 | D:4      | Killed an ogre
  2756 | D:4      | Reached skill level 5 in Armour
  2756 | D:4      | Reached skill level 5 in Shields
  2861 | D:4      | Found a shimmering altar of Xom.
  2914 | D:4      | Noticed Menkaure
  2924 | D:4      | Killed Menkaure
  2924 | D:4      | Reached XP level 7. HP: 35/63 MP: 7/7
  3150 | D:5      | Entered Level 5 of the Dungeon
  3364 | D:5      | Found a glowing drain.
  3386 | D:5      | Reached *** piety under Makhleb
  3393 | Sewer    | Entered a sewer
  3610 | Sewer    | Reached **** piety under Makhleb
  3626 | Sewer    | Reached skill level 5 in Dodging
  3757 | Sewer    | Reached ***** piety under Makhleb
  3772 | Sewer    | Reached XP level 8. HP: 60/73 MP: 8/8
  3986 | D:5      | Reached skill level 6 in Armour
  4121 | D:5      | Reached skill level 5 in Axes
  4138 | D:5      | Reached skill level 5 in Fighting
  4532 | D:6      | Noticed Prince Ribbit
  4572 | D:6      | Found Fuak's Jewellery Boutique.
  4646 | D:6      | Identified a scroll of acquirement
  4649 | D:6      | Got a pair of warped boots
  4655 | D:6      | Identified the +0 pair of boots of the Game Afoot {MR- Regen+ MP+9 Int+2} (You acquired it on level 6 of the Dungeon)
  4678 | D:6      | Killed Prince Ribbit
  4805 | D:6      | Noticed Dowan
  4811 | D:6      | Noticed Duvessa
  4820 | D:6      | Killed Dowan
  4864 | D:6      | Killed Duvessa
  4864 | D:6      | Reached skill level 1 in Invocations
  4864 | D:6      | Gained mutation: You passively map the area around you. [Deep Dwarf growth]
  4864 | D:6      | Reached XP level 9. HP: 34/82 MP: 10/10
  5000 | D:6      | Noticed Edmund
  5016 | D:6      | Killed Edmund
  5628 | D:7      | Found a sand-covered staircase.
  5647 | Ossuary  | Entered an ossuary
  5665 | Ossuary  | Reached skill level 7 in Shields
  6168 | D:7      | Reached ****** piety under Makhleb
  6467 | D:7      | Reached skill level 5 in Invocations
  6735 | D:7      | Found a sacrificial altar of Ru.
  6881 | D:8      | Reached XP level 10. HP: 67/92 MP: 12/12
  7527 | D:9      | Gained mutation: You are partially covered in icy blue scales (AC +1). [potion of mutation]
  7527 | D:9      | Gained mutation: Your system is resistant to poisons. [potion of mutation]
  7530 | D:9      | Gained mutation: You are resistant to hostile enchantments. [potion of beneficial mutation]
  7603 | D:9      | Found a staircase to the Lair.
  8755 | D:10     | Entered Level 10 of the Dungeon
  8760 | D:10     | Found a staircase to the Orcish Mines.
  8802 | D:10     | Reached skill level 8 in Armour
  8882 | D:10     | Noticed a hill giant
  8915 | D:10     | Killed a hill giant
  8950 | D:10     | Noticed Harold
  8978 | D:10     | Killed Harold
  9464 | D:10     | Found a flagged portal.
  9499 | Bailey   | Entered a bailey
  9716 | Bailey   | Noticed an orc knight
  9718 | Bailey   | Noticed an orc knight
  9719 | Bailey   | Noticed an orc knight
  9825 | Bailey   | Got a bloodstained crystal plate armour
  9853 | Bailey   | Identified the +20 crystal plate armour of Fetutreg {rN+} (You found it in a bailey)
 10118 | D:10     | Reached XP level 11. HP: 64/100 MP: 14/14
 10288 | Lair:1   | Entered Level 1 of the Lair of Beasts
 10537 | Lair:1   | Noticed a queen ant
 10553 | Lair:1   | Reached skill level 9 in Invocations
 10659 | Lair:1   | Killed a queen ant
 11338 | Lair:2   | Noticed a six-headed hydra
 11370 | Lair:1   | Killed a nine-headed hydra
 11370 | Lair:1   | Reached skill level 10 in Invocations
 11996 | Lair:2   | Reached skill level 11 in Invocations
 12512 | Lair:3   | Reached XP level 12. HP: 78/112 MP: 17/17
 12537 | Lair:3   | Found a staircase to the Swamp.
 12690 | Lair:3   | Noticed a four-headed hydra
 12708 | Lair:3   | Killed a four-headed hydra
 13050 | Lair:3   | Reached skill level 10 in Armour
 13054 | Lair:3   | Got a crystal broad axe
 13055 | Lair:3   | Identified the +2 broad axe of Saanut {flame, Str+3 Int+3} (You acquired it on level 3 of the Lair of Beasts)
 13086 | Lair:3   | Reached skill level 12 in Invocations
 13614 | Lair:4   | Reached skill level 10 in Shields
 13635 | Lair:4   | Gained mutation: You are robust (+10% HP). [potion of beneficial mutation]
 14046 | Lair:4   | Noticed Sonja
 14083 | Lair:4   | Killed Sonja
 14195 | Lair:4   | Found a bloodstained altar of Trog.
 14503 | Lair:5   | Reached skill level 13 in Invocations
 14910 | Lair:5   | Noticed a six-headed hydra
 14929 | Lair:5   | Killed a six-headed hydra
 14943 | Lair:5   | Reached skill level 10 in Axes
 14945 | Lair:5   | Reached XP level 13. HP: 122/133 MP: 17/17
 15005 | Lair:5   | Found a staircase to the Snake Pit.
 15680 | Lair:6   | Found a staircase to the Slime Pits.
 15758 | Lair:6   | Reached skill level 10 in Fighting
 15801 | Lair:6   | You fall through a shaft for 2 floors!
 15801 | Lair:8   | Entered Level 8 of the Lair of Beasts
 16002 | Lair:7   | Got a slimy ring mail
 16013 | Lair:7   | Identified the +1 ring mail "Ommuss" {rElec Dex+5} (You found it on level 7 of the Lair of Beasts)
 16105 | Lair:7   | Noticed Vex's ghost (journeyman MiFi)
 16193 | Lair:7   | Killed Vex's ghost
 16553 | Lair:7   | Reached skill level 14 in Invocations
 16995 | Lair:8   | Gained mutation: You resist negative energy. [Deep Dwarf growth]
 16995 | Lair:8   | Reached XP level 14. HP: 143/146 MP: 19/19
 18922 | Orc:1    | Entered Level 1 of the Orcish Mines
 18997 | Orc:1    | Found a roughly hewn altar of Beogh.
 19258 | Orc:2    | You fall through a shaft for 2 floors!
 19258 | Orc:4    | Entered Level 4 of the Orcish Mines
 19307 | Orc:4    | Noticed an orc warlord
 19342 | Orc:4    | Killed an orc warlord
 19349 | Orc:4    | Found a roughly hewn altar of Beogh.
 19436 | Orc:4    | Found Guuk's Jewellery Shoppe.
 19494 | Orc:4    | Bought a +3 ring of strength for 204 gold pieces
 19494 | Orc:4    | Bought the amulet "Reen" {rMut rElec MR+} for 774 gold pieces
 19561 | Orc:4    | Found Casymel's Antique Weapon Shop.
 19947 | Orc:4    | Found Femank's Antique Armour Boutique.
 19966 | Orc:4    | Found Norol's Gadget Shop.
 20037 | Orc:4    | Found a roughly hewn altar of Beogh.
 20099 | Orc:4    | Reached skill level 15 in Invocations
 21201 | Orc:3    | Found a staircase to the Elven Halls.
 21224 | Orc:3    | Reached XP level 15. HP: 158/158 MP: 21/21
 22530 | Swamp:1  | Entered Level 1 of the Swamp
 22972 | Swamp:1  | Found a burning altar of Makhleb.
 23212 | Swamp:2  | Noticed Aizul
 23244 | Swamp:2  | Killed Aizul
 23367 | Swamp:2  | Noticed Donald
 23385 | Swamp:2  | Killed Donald
 23474 | Swamp:2  | Noticed Frances
 23497 | Swamp:2  | Killed Frances
 24621 | Swamp:4  | Entered Level 4 of the Swamp
 24785 | Swamp:4  | Noticed a tentacled monstrosity
 24813 | Swamp:4  | Killed a tentacled monstrosity
 24823 | Swamp:4  | Reached skill level 16 in Invocations
 24845 | Swamp:4  | Reached XP level 16. HP: 172/172 MP: 23/23
 24923 | Swamp:4  | Got a decaying rune of Zot
 25130 | Swamp:4  | Noticed Avanven's ghost (adept SpEn)
 25153 | Swamp:4  | Killed Avanven's ghost
 25787 | Snake:1  | Entered Level 1 of the Snake Pit
 25812 | Snake:1  | Noticed Azrael
 25830 | Snake:1  | Killed Azrael
 27018 | Snake:2  | You fall through a shaft!
 27064 | Snake:3  | Noticed Roxanne
 27088 | Snake:3  | Killed Roxanne
 27091 | Snake:3  | Identified Roxanne's Guide on the Rocks (You took it off Roxanne on level 3 of the Snake Pit)
 27125 | Snake:3  | Reached skill level 17 in Invocations
 27128 | Snake:3  | Reached XP level 17. HP: 132/184 MP: 24/24
 27253 | Snake:3  | Noticed Vashnia
 27355 | Snake:3  | Killed Vashnia
 27707 | Snake:4  | Entered Level 4 of the Snake Pit
 28097 | Snake:4  | Reached skill level 15 in Fighting
 28097 | Snake:4  | Reached skill level 15 in Armour
 28163 | Snake:4  | Reached skill level 15 in Shields
 28285 | Snake:4  | Gained mutation: You passively map a large area around you. [Deep Dwarf growth]
 28285 | Snake:4  | Reached XP level 18. HP: 185/195 MP: 25/25
 28350 | Snake:4  | Got a serpentine rune of Zot
 29176 | D:11     | Noticed Erolcha
 29191 | D:11     | Killed Erolcha
 29211 | D:11     | Noticed Mazeltov's ghost (journeyman MiFi)
 29272 | D:11     | Killed Mazeltov's ghost
 29843 | D:12     | Found a deep blue altar of Sif Muna.
 29973 | D:12     | Reached skill level 15 in Axes
 30087 | D:12     | Noticed Maud
 30101 | D:12     | Killed Maud
 31467 | D:14     | Found a gate to the Vaults.
 31598 | D:14     | You fall through a shaft!
 31598 | D:15     | Entered Level 15 of the Dungeon
 31726 | D:15     | Found a frozen archway.
 31747 | IceCv    | Entered an ice cave
 32021 | IceCv    | Noticed Kloppie's ghost (journeyman GrFi)
 32040 | IceCv    | Killed Kloppie's ghost
 32087 | IceCv    | Noticed Potsanchik's ghost (journeyman SpGl)
 32098 | IceCv    | Killed Potsanchik's ghost
 32191 | IceCv    | Got an ancient halberd
 32679 | D:15     | Noticed Agnes
 32690 | D:15     | Killed Agnes
 33258 | D:15     | Found a staircase to the Depths.
 33494 | Vaults:1 | Entered Level 1 of the Vaults
 33734 | Vaults:1 | Reached XP level 19. HP: 209/209 MP: 26/26
 34153 | Vaults:1 | Reached skill level 18 in Invocations
 35129 | Vaults:2 | Found a staircase to the Crypt.
 35657 | Vaults:2 | Noticed Wiglaf
 35692 | Vaults:2 | Killed Wiglaf
 36582 | Vaults:3 | Reached XP level 20. HP: 221/221 MP: 28/28
 36864 | Vaults:3 | Noticed Norris
 36916 | Vaults:3 | Killed Norris
 37044 | Vaults:3 | Noticed Jorgrun
 37059 | Vaults:3 | Killed Jorgrun
 37059 | Vaults:3 | Reached skill level 19 in Invocations
 37692 | Vaults:4 | Found a shattered altar of Ashenzari.
 38526 | Vaults:4 | Reached XP level 21. HP: 234/234 MP: 29/29
 38730 | Vaults:5 | Entered Level 5 of the Vaults
 38916 | Vaults:5 | Noticed an ancient lich
 38941 | Vaults:5 | Reached skill level 20 in Invocations
 38956 | Vaults:5 | Killed an ancient lich
 39145 | Vaults:5 | Got a silver rune of Zot
 39165 | Vaults:5 | Got a jewelled hand axe
 39166 | Vaults:5 | Identified the +10 hand axe "Zib Xewi" {chop, +Rage MP+9 Str+4} (You found it on level 5 of the Vaults)
 39197 | Vaults:5 | Reached XP level 22. HP: 247/247 MP: 31/31
 39576 | Vaults:5 | Got a warped ivory ring
 39614 | Vaults:5 | Identified the ring of Free Expression {+Blink +Fly} (You took it off a vault warden on level 5 of the Vaults)
 39884 | Vaults:5 | Noticed Boris
 39915 | Vaults:5 | Killed Boris
 40275 | Crypt:1  | Entered Level 1 of the Crypt
 40350 | Crypt:1  | Noticed Frederick
 40376 | Crypt:1  | Killed Frederick
 40585 | Crypt:1  | Noticed Mennas
 40709 | Crypt:1  | Killed Mennas
 40826 | Crypt:1  | Noticed Mara
 40856 | Crypt:1  | Noticed Ivanskos's illusion
 40927 | Crypt:1  | Killed Mara
 41057 | Crypt:1  | Found a basalt altar of Yredelemnul.
 42106 | Crypt:3  | Entered Level 3 of the Crypt
 42355 | Crypt:3  | Noticed an ancient lich
 42390 | Crypt:3  | Killed an ancient lich
 42699 | Crypt:3  | Found an ancient bone altar of Kikubaaqudgha.
 43002 | Crypt:3  | Reached XP level 23. HP: 258/258 MP: 32/32
 43227 | Crypt:3  | Got a dazzling mace
 43228 | Crypt:3  | Identified the cursed +1 mace "Zauz Coa" {antimagic, MP+9} (You found it on level 3 of the Crypt)
 43486 | Crypt:3  | Found a staircase to the Tomb.
 43906 | Tomb:1   | Entered Level 1 of the Tomb of the Ancients
 44390 | Tomb:1   | Noticed an ancient lich
 44406 | Tomb:1   | Killed an ancient lich
 44418 | Tomb:1   | Noticed a greater mummy
 44444 | Tomb:1   | Killed a greater mummy
 45750 | Elf:1    | Entered Level 1 of the Elven Halls
 46257 | Elf:1    | Identified Sif Muna's Disquisition on the Enthralling Escort
 46702 | Elf:2    | Found Usiown's Magic Scroll Shop.
 46753 | Elf:2    | Found Yheupp's Food Emporium.
 46908 | Elf:2    | Found a runed gate.
 46908 | Elf:2    | Found a runed gate.
 46918 | Elf:2    | Found a runed gate.
 46983 | Elf:2    | Noticed Asterion
 47054 | Elf:2    | Killed Asterion
 47373 | Elf:2    | Noticed Louise
 47576 | Elf:3    | Entered Level 3 of the Elven Halls
 47576 | Elf:3    | Found Muinul Hese's Assorted Antiques.
 47583 | Elf:3    | Bought a scroll of silence for 195 gold pieces
 47777 | Elf:3    | Found Xeloriry's Jewellery Emporium.
 47872 | Elf:3    | Found Utearche's Assorted Antiques.
 47873 | Elf:3    | Found Mopon's Antique Weapon Shoppe.
 47884 | Elf:3    | Bought a scroll of acquirement for 1820 gold pieces
 47913 | Elf:3    | Found a radiant altar of Vehumet.
 48102 | Elf:3    | Reached XP level 24. HP: 271/271 MP: 32/32
 48475 | Elf:3    | Got a warped copper amulet
 48484 | Elf:3    | Got a smoking storm dragon armour
 48513 | Elf:3    | Got a warped tin amulet
 48560 | Elf:3    | Got a slimy leather armour
 48588 | Elf:3    | Identified the +0 leather armour "Oxeyceh" {rF+ rN+ Dex+4} (You found it on level 3 of the Elven Halls)
 48589 | Elf:3    | Identified the +9 storm dragon armour "Ystreo Osiwu" {rElec rC++ MR- Str+3} (You found it on level 3 of the Elven Halls)
 48590 | Elf:3    | Identified the amulet of Waun {Stasis *Confuse rElec rN++} (You found it on level 3 of the Elven Halls)
 48591 | Elf:3    | Identified the amulet of Mirth {Ward +Fly rN+} (You found it on level 3 of the Elven Halls)
 48596 | Elf:3    | Got a spiked hat
 48607 | Elf:3    | Identified the +1 hat of the Elephant {Int+4 Stlth-} (You found it on level 3 of the Elven Halls)
 48676 | Elf:3    | Got a scorched cloak
 48687 | Elf:3    | Identified the +2 cloak of the Zebra {MR+ Int+3} (You found it on level 3 of the Elven Halls)
 49497 | Tomb:2   | Noticed a greater mummy
 49498 | Tomb:2   | Noticed a greater mummy
 49501 | Tomb:2   | Noticed a greater mummy
 49518 | Tomb:2   | Noticed a greater mummy
 50389 | D:14     | Found a shadowy altar of Dithmenos.
 50902 | Slime:1  | Entered Level 1 of the Pits of Slime
 51468 | Slime:2  | Reached skill level 21 in Armour
 51964 | Slime:2  | Gained mutation: Your spells are a little easier to cast, but a little less powerful. [a shining eye]
 53731 | Slime:5  | Noticed DeXoteric's ghost (veteran GrFi)
 53780 | Slime:5  | Killed DeXoteric's ghost
 54131 | Slime:6  | Entered Level 6 of the Pits of Slime
 54263 | Slime:6  | Found a viscous altar of Jiyva.
 54265 | Slime:6  | Noticed the royal jelly
 54456 | Slime:6  | Reached XP level 25. HP: 67/278 MP: 32/32
 54634 | Slime:6  | HP: 11/281 [acid[the royal jelly] (1)]
 54635 | Slime:6  | HP: 4/281 [acid[the royal jelly] (7)]
 54809 | Slime:3  | Gained mutation: You are occasionally teleported to nearby monsters. [a shining eye]
 54812 | Slime:3  | Gained mutation: Your body sometimes deteriorates upon taking damage. [a shining eye]
 54814 | Slime:3  | Gained mutation: You are weak. (Str -2) [a shining eye]
 54816 | Slime:3  | Gained mutation: You occasionally shout uncontrollably at your foes. [a shining eye]
 55197 | Depths:1 | Entered Level 1 of the Depths
 56011 | Elf:2    | Bought a scroll of fear for 56 gold pieces
 56011 | Elf:2    | Bought a scroll of enchant armour for 120 gold pieces
 56625 | Depths:1 | Found a gateway to Hell.
 56630 | Depths:1 | Found a gateway to a ziggurat.
 57646 | Depths:2 | Found a white marble altar of Elyvilon.
 57674 | Depths:2 | Reached skill level 22 in Armour
 57814 | Depths:2 | Noticed a juggernaut
 57830 | Depths:2 | Killed a juggernaut
 60743 | Slime:6  | Killed the royal jelly
 60743 | Slime:6  | Reached XP level 26. HP: 247/290 MP: 32/32
 60905 | Slime:6  | Identified the Grimoire of Lightness and Sinister Rites
 60936 | Slime:6  | Got a slimy rune of Zot
 61052 | Slime:6  | Got a brightly glowing hat
 61063 | Slime:6  | Identified the +0 hat of Soolua {+Fly MP+9 Dex-4} (You acquired it on level 6 of the Pits of Slime)
 61884 | Tomb:1   | Killed a greater mummy
 61899 | Tomb:1   | Lost mutation: Your system is resistant to poisons. [potion of cure mutation]
 61899 | Tomb:1   | Lost mutation: You are resistant to hostile enchantments. [potion of cure mutation]
 61899 | Tomb:1   | Lost mutation: You are robust (+10% HP). [potion of cure mutation]
 61899 | Tomb:1   | Lost mutation: Your spells are a little easier to cast, but a little less powerful. [potion of cure mutation]
 61899 | Tomb:1   | Lost mutation: You are weak. (Str -2) [potion of cure mutation]
 61900 | Tomb:1   | Lost mutation: You are occasionally teleported to nearby monsters. [potion of cure mutation]
 61900 | Tomb:1   | Lost mutation: Your body sometimes deteriorates upon taking damage. [potion of cure mutation]
 61900 | Tomb:1   | Lost mutation: You occasionally shout uncontrollably at your foes. [potion of cure mutation]
 62770 | Depths:3 | Found a one-way gate leading to the halls of Pandemonium.
 62906 | Depths:3 | Got a blackened swamp dragon armour
 62917 | Depths:3 | Identified the +3 swamp dragon armour of Mesemn {+Fly rPois rC- MP+9 Str+2} (You found it on level 3 of the Depths)
 63053 | Depths:4 | Found a one-way gate to the infinite horrors of the Abyss.
 63825 | Depths:5 | Entered Level 5 of the Depths
 64394 | Tomb:1   | Killed a greater mummy
 66327 | Tomb:2   | Killed a greater mummy
 67097 | Depths:5 | Reached skill level 23 in Armour
 67694 | Tomb:2   | Killed a greater mummy
 68081 | Tomb:1   | Noticed a greater mummy
 68087 | Tomb:1   | Noticed a greater mummy
 68089 | Tomb:1   | Noticed a greater mummy
 68103 | Tomb:1   | Noticed a greater mummy
 68105 | Tomb:1   | Noticed a greater mummy
 68106 | Tomb:1   | Killed a greater mummy
 68114 | Tomb:1   | Killed a greater mummy
 68114 | Tomb:1   | Killed a greater mummy
 68130 | Tomb:1   | Killed a greater mummy
 68133 | Tomb:1   | Killed a greater mummy
 68159 | Tomb:1   | Noticed a greater mummy
 68169 | Tomb:1   | Noticed a greater mummy
 68175 | Tomb:1   | Killed a greater mummy
 68186 | Tomb:1   | Killed a greater mummy
 68197 | Tomb:1   | Noticed a greater mummy
 68197 | Tomb:1   | Noticed a greater mummy
 68201 | Tomb:1   | Noticed a greater mummy
 68230 | Tomb:1   | Killed a greater mummy
 68240 | Tomb:1   | Killed a greater mummy
 68263 | Tomb:1   | Killed a greater mummy
 68290 | Tomb:1   | Noticed a greater mummy
 68318 | Tomb:1   | Killed a greater mummy
 68462 | Tomb:1   | Reached XP level 27. HP: 229/277 MP: 27/27
 68481 | Tomb:1   | Noticed a greater mummy
 68498 | Tomb:1   | Killed a greater mummy
 68522 | Tomb:1   | Noticed a greater mummy
 68539 | Tomb:1   | Killed a greater mummy
 68541 | Tomb:1   | Noticed a greater mummy
 68570 | Tomb:1   | Killed a greater mummy
 68612 | Tomb:1   | Noticed a greater mummy
 68614 | Tomb:1   | Noticed a greater mummy
 68629 | Tomb:1   | Killed a greater mummy
 68639 | Tomb:1   | Noticed a greater mummy
 68643 | Tomb:1   | Killed a greater mummy
 68652 | Tomb:1   | Killed a greater mummy
 69023 | Tomb:3   | Entered Level 3 of the Tomb of the Ancients
 69049 | Tomb:3   | Noticed Jory
 69385 | Tomb:2   | Killed Jory
 69883 | Tomb:3   | Reached skill level 24 in Armour
 69947 | Tomb:3   | Noticed an ancient lich
 69959 | Tomb:3   | Killed from afar by an ancient lich

Action                   |  1- 3 |  4- 6 |  7- 9 | 10-12 | 13-15 | 16-18 | 19-21 | 22-24 | 25-27 || total
-------------------------+-------+-------+-------+-------+-------+-------+-------+-------+-------++-------
Melee: War axe           |   117 |   233 |   659 |       |       |       |       |       |       ||  1009
       Hand axe          |       |       |    79 |  1436 |       |       |     9 |   590 |       ||  2114
       Dire flail        |       |       |       |    26 |    27 |       |       |       |       ||    53
       Broad axe         |       |       |       |   220 |  1716 |  1881 |  1667 |  2291 |  2186 ||  9961
Invok: Major Destruction |       |       |     1 |       |       |       |       |       |     6 ||     7
       Greater Servant o |       |       |       |       |       |     1 |       |    19 |    11 ||    31
 Abil: Device Recharging |       |       |     2 |     3 |       |       |       |       |     9 ||    14
Evoke: Wand              |       |     3 |     6 |    10 |     5 |     1 |       |     1 |    44 ||    70
  Use: Scroll            |       |     7 |    11 |     7 |     8 |     4 |     7 |    19 |    16 ||    79
       Potion            |       |     1 |     7 |    12 |       |     1 |     3 |    28 |    26 ||    78
 Stab: Distracted        |       |       |       |       |       |     2 |       |     9 |     1 ||    12
       Confused          |       |       |       |       |       |       |       |       |     3 ||     3
  Eat: Bread ration      |       |     2 |       |     4 |     1 |       |     1 |     3 |     6 ||    17
       Royal jelly       |       |       |     2 |       |     1 |       |       |     1 |       ||     4
       Beef jerky        |       |       |     3 |     3 |     5 |     5 |     1 |     5 |     1 ||    23
       Fruit             |       |       |     2 |     2 |    10 |     6 |       |     2 |     5 ||    27
       Meat ration       |       |       |     1 |     4 |     3 |     4 |     3 |     6 |     4 ||    25
       Pizza             |       |       |       |       |       |       |       |     2 |     2 ||     4
